TOP OF THE 1ST |
Chester Pirates batting - Pitching for Columbus Reds : RHP Ivan Alday
|
Pitching: RHP Ivan Alday
|
|
Batting: RHB Edwardo Tanchez
|
0-0: Ball 1-0: Foul Ball, location: 2F 1-1: Ball 2-1: Ball 3-1: Called Strike 3-2: SINGLE (Groundball, 34D, EV 100.0 MPH)
|
Batting: RHB Ryan Thurston
|
0-0: Called Strike 0-1: Ball 1-1: Fielders Choice at 2nd, 6-4 (Groundball, 6M, EV 88.1 MPH)
|
Batting: RHB Zach Chmieleski
|
0-0: Foul Ball, location: 2F 0-1: Foul Ball, location: 2F 0-2: Ball Ryan Thurston is caught stealing 2nd base 2-4 1-2: Foul Ball, location: 2F 1-2: Fly out, F8 (Flyball, 8RD, EV 99.4 MPH)
|
Top of the 1st over - 0 runs, 1 hit, 0 errors, 0 left on base; Chester 0 - Columbus 0 |
BOTTOM OF THE 1ST |
Columbus Reds batting - Pitching for Chester Pirates : LHP Tommy Tallent
|
Pitching: LHP Tommy Tallent
|
|
Batting: RHB John Hopkins
|
0-0: Foul Ball, location: 2F 0-1: Ball 1-1: Fly out, F9 (Flyball, 9, EV 96.2 MPH)
|
Batting: RHB Alex Nagera
|
0-0: Fly out, F4 (Line Drive, 4, EV 61.9 MPH)
|
Batting: LHB Jamie Spangenberg
|
0-0: Ball 1-0: Called Strike 1-1: Foul Ball, location: 2F 1-2: Ball 2-2: Foul Ball, location: 2F 2-2: Ball 3-2: Base on Balls
|
Batting: LHB Mike Becerra
|
0-0: SINGLE (Groundball, 6MD, EV 95.6 MPH) Jamie Spangenberg to second Runner from 2nd tries for 3rd, OUT! 8-5
|
Bottom of the 1st over - 0 runs, 1 hit, 0 errors, 1 left on base; Chester 0 - Columbus 0 |
TOP OF THE 2ND |
Chester Pirates batting - Pitching for Columbus Reds : RHP Ivan Alday
|
Batting: SHB Mike Corley
|
0-0: Ball 1-0: Fly out, F7 (Flyball, 78M, EV 84.4 MPH)
|
Batting: RHB Rafael Galicia
|
0-0: Fly out, F9 (Line Drive, 9, EV 83.8 MPH)
|
Batting: LHB Tommie Benefield
|
0-0: Called Strike 0-1: Foul Ball, location: 2F 0-2: Strikes out swinging
|
Top of the 2nd over - 0 runs, 0 hits, 0 errors, 0 left on base; Chester 0 - Columbus 0 |
BOTTOM OF THE 2ND |
Columbus Reds batting - Pitching for Chester Pirates : LHP Tommy Tallent
|
Batting: RHB Ruben Cantu
|
0-0: Called Strike 0-1: Ball 1-1: Ball 2-1: Swinging Strike 2-2: Foul Ball, location: 2F 2-2: Strikes out swinging
|
Batting: SHB Sal Esparza
|
0-0: Ball 1-0: Called Strike 1-1: Fly out, F9 (Flyball, 9LM, EV 85.6 MPH)
|
Batting: RHB Emanuel Estrada
|
0-0: Ball 1-0: Ground out 6-3 (Groundball, 6, EV 84.4 MPH)
|
Bottom of the 2nd over - 0 runs, 0 hits, 0 errors, 0 left on base; Chester 0 - Columbus 0 |
TOP OF THE 3RD |
Chester Pirates batting - Pitching for Columbus Reds : RHP Ivan Alday
|
Batting: RHB Joe Stepnowski
|
0-0: Ball 1-0: SINGLE (Groundball, 6MD, EV 96.9 MPH)
|
Batting: LHB Sean Driscoll
|
0-0: Called Strike 0-1: Ball 1-1: Ball 2-1: Ball 3-1: Foul Ball, location: 2F 3-2: Fielders Choice at 2nd, 3-6 (Groundball, 3, EV 79.4 MPH)
|
Batting: RHB Zachery Loomis
|
0-0: Ball 1-0: Called Strike 1-1: Ball 2-1: Fielders Choice at 2nd, 3-6 (Groundball, 13, EV 81.9 MPH)
|
Batting: RHB Edwardo Tanchez
|
0-0: Ball 1-0: Ball 2-0: Ball 3-0: Called Strike 3-1: SINGLE (Flyball, 3D, EV 87.5 MPH) Zachery Loomis to second
|
Batting: RHB Ryan Thurston
|
0-0: Called Strike 0-1: Swinging Strike 0-2: DOUBLE (Line Drive, 9LM, EV 95.0 MPH) Zachery Loomis scores Edwardo Tanchez to third Runner from 3rd tries for Home, SAFE, throw by RF to trailing runner, SAFE at third!
|
Batting: RHB Zach Chmieleski
|
0-0: Ball 1-0: Foul Ball, location: 2F 1-1: Ball 2-1: Foul Ball, location: 2F 2-2: Foul Ball, location: 2F 2-2: Foul Ball, location: 2F 2-2: 2-RUN HOME RUN (Line Drive, 9D, EV 106.2 MPH), Distance : 404 ft
|
Batting: SHB Mike Corley
|
0-0: Fly out, F9 (Line Drive, 89M, EV 96.2 MPH)
|
Top of the 3rd over - 4 runs, 4 hits, 0 errors, 0 left on base; Chester 4 - Columbus 0 |
BOTTOM OF THE 3RD |
Columbus Reds batting - Pitching for Chester Pirates : LHP Tommy Tallent
|
Batting: RHB Jimmy Geddes
|
0-0: Called Strike 0-1: Foul Ball, location: 2F 0-2: Ball 1-2: Ball 2-2: SINGLE (Line Drive, 9S, EV 103.8 MPH)
|
Batting: RHB Cornholdo Schwerin
|
0-0: Called Strike 0-1: Swinging Strike 0-2: Foul Ball, location: 2F 0-2: Foul Ball, location: 2F 0-2: Strikes out looking
|
Batting: RHB John Hopkins
|
0-0: Fly out, F2 (Popup, 23F, EV 83.1 MPH)
|
Batting: RHB Alex Nagera
|
0-0: Ball 1-0: Ball 2-0: Called Strike 2-1: Ball 3-1: Foul Ball, location: 2F 3-2: Foul Ball, location: 2F 3-2: Ground out 6-3 (Groundball, 6S, EV 71.2 MPH)
|
Bottom of the 3rd over - 0 runs, 1 hit, 0 errors, 1 left on base; Chester 4 - Columbus 0 |
TOP OF THE 4TH |
Chester Pirates batting - Pitching for Columbus Reds : RHP Ivan Alday
|
Batting: RHB Rafael Galicia
|
0-0: Swinging Strike 0-1: Foul Ball, location: 2F 0-2: Foul Ball, location: 2F 0-2: SOLO HOME RUN (Line Drive, 7D, EV 100.0 MPH), Distance : 403 ft
|
Batting: LHB Tommie Benefield
|
0-0: Foul Ball, location: 2F 0-1: Ball 1-1: Foul Ball, location: 2F 1-2: Strikes out swinging
|
Batting: RHB Joe Stepnowski
|
0-0: Foul Ball, location: 2F 0-1: Ball 1-1: Foul Ball, location: 2F 1-2: SOLO HOME RUN (Flyball, 7D, EV 108.1 MPH), Distance : 397 ft
|
Batting: LHB Sean Driscoll
|
0-0: Called Strike 0-1: Swinging Strike 0-2: Ball 1-2: Foul Ball, location: 2F 1-2: Fly out, F8 (Flyball, 8LD, EV 102.5 MPH)
|
Batting: RHB Zachery Loomis
|
0-0: Ball 1-0: Swinging Strike 1-1: Ball 2-1: Foul Ball, location: 2F 2-2: Foul Ball, location: 2F 2-2: Foul Ball, location: 2F 2-2: Foul Ball, location: 2F 2-2: Strikes out swinging
|
Top of the 4th over - 2 runs, 2 hits, 0 errors, 0 left on base; Chester 6 - Columbus 0 |
BOTTOM OF THE 4TH |
Columbus Reds batting - Pitching for Chester Pirates : LHP Tommy Tallent
|
Batting: LHB Jamie Spangenberg
|
0-0: Called Strike 0-1: Called Strike 0-2: Ball 1-2: Ball 2-2: Foul Ball, location: 2F 2-2: Ball 3-2: Strikes out swinging
|
Batting: LHB Mike Becerra
|
0-0: Ball 1-0: Called Strike 1-1: Called Strike 1-2: Foul Ball, location: 2F 1-2: Ball 2-2: Foul Ball, location: 2F 2-2: Ball 3-2: Strikes out swinging
|
Batting: RHB Ruben Cantu
|
0-0: Ball 1-0: Foul Ball, location: 2F 1-1: Ground out 6-3 (Groundball, 6, EV 103.1 MPH)
|
Bottom of the 4th over - 0 runs, 0 hits, 0 errors, 0 left on base; Chester 6 - Columbus 0 |
TOP OF THE 5TH |
Chester Pirates batting - Pitching for Columbus Reds : RHP Ivan Alday
|
Batting: RHB Edwardo Tanchez
|
0-0: Ball 1-0: Ball 2-0: Foul Ball, location: 2F 2-1: Called Strike 2-2: Foul Ball, location: 2F 2-2: Ball 3-2: Foul Ball, location: 2F 3-2: Fly out, F8 (Flyball, 78M, EV 91.2 MPH)
|
Batting: RHB Ryan Thurston
|
0-0: Called Strike 0-1: SINGLE (Groundball, 5D, EV 96.9 MPH)
|
Batting: RHB Zach Chmieleski
|
0-0: Ball 1-0: Ball 2-0: Swinging Strike 2-1: Swinging Strike 2-2: Foul Ball, location: 2F 2-2: Ball 3-2: Base on Balls Ryan Thurston to second
|
Pitching: RHP Finlay Clamp
|
|
Batting: SHB Mike Corley
|
0-0: Ball Ryan Thurston steals 3rd base 1-0: Ball 2-0: Ball 3-0: Base on Balls Zach Chmieleski to second
|
Batting: RHB Rafael Galicia
|
0-0: Ball 1-0: Ball 2-0: Ball 3-0: Called Strike 3-1: Fly out, F8 (Flyball, 8RD, EV 91.2 MPH) Runner from 3rd tags up, SCORES, throw by CF Zach Chmieleski to third
|
Batting: LHB Tommie Benefield
|
0-0: Called Strike Mike Corley is caught stealing 2nd base 2-6
|
Top of the 5th over - 1 run, 1 hit, 0 errors, 1 left on base; Chester 7 - Columbus 0 |
BOTTOM OF THE 5TH |
Columbus Reds batting - Pitching for Chester Pirates : LHP Tommy Tallent
|
Batting: SHB Sal Esparza
|
0-0: Ball 1-0: SINGLE (Line Drive, 4MD, EV 108.8 MPH)
|
Batting: RHB Emanuel Estrada
|
0-0: Foul Ball, location: 2F 0-1: Swinging Strike 0-2: Ball 1-2: Foul Ball, location: 2F 1-2: Strikes out looking
|
Batting: RHB Jimmy Geddes
|
0-0: Called Strike 0-1: Foul Ball, location: 2F 0-2: Foul Ball, location: 2F 0-2: Strikes out swinging
|
Batting: RHB Cornholdo Schwerin
|
0-0: Ball 1-0: Called Strike 1-1: Ball 2-1: Fly out, F9 (Flyball, 9LS, EV 83.1 MPH)
|
Bottom of the 5th over - 0 runs, 1 hit, 0 errors, 1 left on base; Chester 7 - Columbus 0 |
TOP OF THE 6TH |
Chester Pirates batting - Pitching for Columbus Reds : RHP Finlay Clamp
|
Batting: LHB Tommie Benefield
|
0-0: Ball 1-0: Foul Ball, location: 2F 1-1: Foul Ball, location: 2F 1-2: Foul Ball, location: 2F 1-2: Strikes out swinging
|
Batting: RHB Joe Stepnowski
|
0-0: Called Strike 0-1: Ball 1-1: Called Strike 1-2: Ball 2-2: Strikes out looking
|
Batting: LHB Sean Driscoll
|
0-0: Ball 1-0: Called Strike 1-1: Foul Ball, location: 2F 1-2: Foul Ball, location: 2F 1-2: Ball 2-2: Foul Ball, location: 2F 2-2: Strikes out swinging
|
Top of the 6th over - 0 runs, 0 hits, 0 errors, 0 left on base; Chester 7 - Columbus 0 |
BOTTOM OF THE 6TH |
Columbus Reds batting - Pitching for Chester Pirates : LHP Tommy Tallent
|
Batting: RHB John Hopkins
|
0-0: Ball 1-0: Called Strike 1-1: Swinging Strike 1-2: Strikes out swinging
|
Pitching: RHP Yong-taek Hoang
|
|
Batting: RHB Alex Nagera
|
0-0: Fly out, F8 (Line Drive, 8RM, EV 94.4 MPH)
|
Batting: LHB Jamie Spangenberg
|
0-0: Swinging Strike 0-1: Ball 1-1: Ball 2-1: Ball 3-1: Called Strike 3-2: Fly out, F9 (Flyball, 89S, EV 90.0 MPH)
|
Bottom of the 6th over - 0 runs, 0 hits, 0 errors, 0 left on base; Chester 7 - Columbus 0 |
TOP OF THE 7TH |
Chester Pirates batting - Pitching for Columbus Reds : RHP Finlay Clamp
|
Pinch Hitting: RHB Matt Derrien
|
0-0: Ball 1-0: Swinging Strike 1-1: Called Strike 1-2: Strikes out swinging, 2-3 out at first.
|
Batting: RHB Edwardo Tanchez
|
0-0: Swinging Strike 0-1: Ball 1-1: Foul Ball, location: 2F 1-2: Strikes out swinging
|
Batting: RHB Ryan Thurston
|
0-0: Called Strike 0-1: SOLO HOME RUN (Flyball, 7D, EV 106.2 MPH), Distance : 397 ft
|
Pinch Hitting: RHB Jason Rhodes
|
0-0: Swinging Strike 0-1: Foul Ball, location: 2F 0-2: Strikes out looking
|
Top of the 7th over - 1 run, 1 hit, 0 errors, 0 left on base; Chester 8 - Columbus 0 |
BOTTOM OF THE 7TH |
Columbus Reds batting - Pitching for Chester Pirates : RHP Yong-taek Hoang
|
Now at 1B: Thad Shearing
|
|
Now at 3B: Jason Rhodes
|
|
Pinch Hitting: LHB Rodrigo Samano
|
0-0: Fly out, F9 (Flyball, 9, EV 93.8 MPH)
|
Batting: RHB Ruben Cantu
|
0-0: Ball 1-0: Ball 2-0: Ball 3-0: Called Strike 3-1: Called Strike 3-2: Strikes out looking
|
Batting: SHB Sal Esparza
|
0-0: Called Strike 0-1: Foul Ball, location: 2F 0-2: Strikes out looking
|
Bottom of the 7th over - 0 runs, 0 hits, 0 errors, 0 left on base; Chester 8 - Columbus 0 |
TOP OF THE 8TH |
Chester Pirates batting - Pitching for Columbus Reds : RHP Finlay Clamp
|
Pitching: RHP Eudaldo Cuyco
|
|
Now in RF: Armando Arellano
|
|
Pinch Hitting: RHB Dustin Hamblin
|
0-0: Called Strike 0-1: Ball 1-1: Called Strike 1-2: Ball 2-2: Ball 3-2: Base on Balls
|
Batting: RHB Rafael Galicia
|
0-0: Ball 1-0: Swinging Strike 1-1: Swinging Strike 1-2: Foul Ball, location: 2F 1-2: Ball 2-2: Ball 3-2: Base on Balls Dustin Hamblin to second
|
Batting: LHB Tommie Benefield
|
0-0: Ball Passed Ball! Dustin Hamblin to third Rafael Galicia to second 1-0: Foul Ball, location: 2F 1-1: Foul Ball, location: 2F 1-2: Foul Ball, location: 2F 1-2: Strikes out swinging
|
Batting: RHB Joe Stepnowski
|
0-0: Ground out 1-3 (Groundball, 13S, EV 68.8 MPH)
|
Batting: SHB Jiong Qi
|
0-0: Called Strike 0-1: Ball 1-1: Ground out 6-3 (Groundball, 4M, EV 83.1 MPH)
|
Top of the 8th over - 0 runs, 0 hits, 0 errors, 2 left on base; Chester 8 - Columbus 0 |
BOTTOM OF THE 8TH |
Columbus Reds batting - Pitching for Chester Pirates : RHP Yong-taek Hoang
|
Now in RF: Dustin Hamblin
|
|
Pinch Hitting: RHB Ed Santibanez
|
0-0: SINGLE (Groundball, 56D, EV 100.0 MPH)
|
Batting: RHB Jimmy Geddes
|
0-0: Called Strike 0-1: Ball 1-1: Called Strike 1-2: Strikes out looking
|
Pinch Hitting: LHB Jamel Wilhite
|
0-0: Ball 1-0: Called Strike 1-1: Fielders Choice at 2nd, 5-4 (Groundball, 56S, EV 78.1 MPH)
|
Batting: RHB John Hopkins
|
0-0: Ball 1-0: Ball 2-0: Called Strike 2-1: Foul Ball, location: 2F 2-2: Strikes out swinging
|
Bottom of the 8th over - 0 runs, 1 hit, 0 errors, 1 left on base; Chester 8 - Columbus 0 |
TOP OF THE 9TH |
Chester Pirates batting - Pitching for Columbus Reds : RHP Eudaldo Cuyco
|
Now in LF: Ed Santibanez
|
|
Now in CF: Alex Ruybalid
|
|
Pinch Hitting: RHB Oscar Mora
|
0-0: Called Strike 0-1: Called Strike 0-2: Ball 1-2: Ball 2-2: Foul Ball, location: 2F 2-2: Strikes out looking
|
Batting: RHB Edwardo Tanchez
|
0-0: Foul Ball, location: 2F 0-1: Ball 1-1: Foul Ball, location: 2F 1-2: Ball 2-2: Ground out 6-3 (Groundball, 6S, EV 68.1 MPH)
|
Batting: RHB Ryan Thurston
|
0-0: SOLO HOME RUN (Flyball, 78XD, EV 106.2 MPH), Distance : 430 ft
|
Batting: RHB Jason Rhodes
|
0-0: Called Strike 0-1: Ball 1-1: Ground out 5-3 (Groundball, 56, EV 104.4 MPH)
|
Top of the 9th over - 1 run, 1 hit, 0 errors, 0 left on base; Chester 9 - Columbus 0 |
BOTTOM OF THE 9TH |
Columbus Reds batting - Pitching for Chester Pirates : RHP Yong-taek Hoang
|
Now at 1B: Damien Cohen
|
|
Batting: RHB Alex Nagera
|
0-0: Ball 1-0: Called Strike 1-1: Ball 2-1: Foul Ball, location: 2F 2-2: Ground out 5-3 (Groundball, 5, EV 97.5 MPH)
|
Batting: LHB Jamie Spangenberg
|
0-0: Called Strike 0-1: Ball 1-1: Foul Ball, location: 2F 1-2: Ball 2-2: Ball 3-2: SINGLE (Flyball, 7S, EV 93.1 MPH)
|
Batting: LHB Armando Arellano
|
0-0: Ball 1-0: Ball 2-0: Ball 3-0: Called Strike 3-1: Foul Ball, location: 2F 3-2: Fly out, F8 (Flyball, 89M, EV 74.4 MPH)
|
Batting: RHB Ruben Cantu
|
0-0: Ball 1-0: Fielders Choice at 2nd, 5-4 (Groundball, 56, EV 99.4 MPH)
|
Bottom of the 9th over - 0 runs, 1 hit, 0 errors, 1 left on base; Chester 9 - Columbus 0 |
|